Map: Tokamak LE

Players

LORDGG

  • Race: Protoss Protoss
  • Spawn Location: 7:00

Basset - Winner!

  • Race: Zerg Zerg
  • League: Grandmaster
  • Spawn Location: 1:00

VOD

https://www.youtube.com/watch?v=fYq7ZTs-q4I

Description

Trying to make a build order based on this

Time

  • Played on: June 3, 2025, 1:39 p.m.
  • Length: 9:05
Show
View Real Time Build Order
Export as new Build Order

LORDGG Protoss 

Build Orders: 1 Gate Expand, Oracle Opening, Archon Immortal, Archon Drop 

Get SALT Encoding   

  12  0:00  Probe  
  13  0:12  Probe  
  14  0:19  Pylon  
  14  0:24  Probe  
  15  0:33  Probe  
  15  0:38  Gateway  
  15  0:41  Probe  
  16  0:46  Assimilator  
  17  0:52  Probe  
  18  1:04  Probe  
  19  1:16  Probe  
  20  1:22  Nexus  
  20  1:32  Cybernetics Core  
  20  1:36  Probe  
  21  1:42  Assimilator  
  21  1:48  Probe  
  21  1:50  Pylon  
  22  1:58  Adept  
  22  2:00  Probe  
  23  2:13  Probe  
  23  2:14  Stargate  
  26  2:24  Warp Gate  
  26  2:25  Probe  
  26  2:29  Adept  
  29  2:31  Probe  
  30  2:37  Probe  
  30  2:39  Probe  
  32  2:48  Oracle  
  32  2:49  Probe x2  
  37  3:01  Probe x2  
  39  3:13  Probe x2  
  39  3:18  Nexus  
  41  3:25  Probe x2  
  41  3:26  Pylon  
  43  3:36  Robotics Facility  
  43  3:37  Probe x2  
  45  3:45  Assimilator  
  45  3:47  Assimilator  
  45  3:49  Probe x2  
  47  3:59  Twilight Council  
  47  4:00  Pylon  
  47  4:01  Probe x2  
  49  4:13  Probe  
  49  4:14  Probe  
  49  4:16  Gateway  
  51  4:18  Gateway  
  51  4:19  Warp Prism  
  51  4:21  Gateway  
  51  4:26  Probe x2  
  55  4:32  Probe  
  56  4:38  Templar Archives, Probe  
  56  4:39  Probe  
  56  4:42  Probe  
  59  4:46  Probe  
  59  4:47  Probe  
  59  4:50  Probe  
  61  4:54  Pylon  
  61  4:55  Probe x2  
  61  4:58  Probe  
  61  4:59  Forge  
  64  5:05  Probe  
  64  5:06  Probe  
  65  5:09  Shield Battery  
  65  5:10  Probe  
  65  5:13  Immortal  
  67  5:15  High Templar x4  
  67  5:17  Probe  
  67  5:18  Probe  
  67  5:19  Archon  
  67  5:20  Pylon, Archon  
  77  5:22  Probe  
  82  5:29  Probe  
  82  5:31  Probe  
  82  5:34  Probe  
  82  5:41  Probe  
  83  5:43  Immortal, Probe  
  83  5:46  Probe  
  83  5:48  Protoss Ground Weapons Level 1  
  85  5:51  Charge  
  85  5:53  Probe  
  85  5:55  Probe  
  91  5:58  Probe  
  91  6:02  Assimilator x2  
  92  6:06  Gateway  
  92  6:08  Gateway  
  92  6:12  Gateway  
  92  6:13  Gateway  
  92  6:17  Pylon  
  92  6:21  Psionic Storm  
  92  6:22  Pylon  
  92  6:25  Immortal  
  92  6:28  Pylon  
  96  6:40  Robotics Facility  
  96  6:43  Sentry x2  
  96  6:44  Zealot x2  
  104  6:48  Gateway  
  104  6:50  Gateway  
  104  6:55  Immortal  
  104  7:00  Pylon  
  104  7:01  Zealot  
  104  7:03  Zealot  
  104  7:07  Zealot x2  
  116  7:12  Pylon  
  116  7:19  High Templar x2, Pylon  
  116  7:21  High Templar x2  
  124  7:25  Archon x2  
  124  7:26  Pylon  
  124  7:30  Immortal  
  124  7:33  Zealot x4  
  118  7:43  Immortal  
  114  7:47  Zealot x2  
  114  7:48  Pylon  
  114  7:56  Zealot x4  
  105  8:01  Zealot x3  
  105  8:05  Zealot, Immortal  
  103  8:09  Zealot x2  
  95  8:14  Immortal  
  95  8:16  Zealot x2  
  95  8:17  Zealot  
  84  8:20  Zealot  
  84  8:25  Zealot x3  
  83  8:29  Zealot  
  83  8:30  Zealot  
  83  8:32  Zealot x3  
  77  8:34  Probe  
  77  8:41  Zealot  
  75  8:44  Zealot x2  
  70  8:50  Zealot x2  
  74  8:59  Zealot x2  
Show
View Real Time Build Order
Export as new Build Order

Basset Zerg - Winner!

Build Orders: Hatch First 

Get SALT Encoding   

  12  0:00  Drone  
  13  0:14  Overlord  
  13  0:18  Drone  
  14  0:33  Drone x2  
  16  0:47  Hatchery  
  15  0:50  Drone  
  15  0:53  Drone  
  17  0:58  Drone  
  18  1:07  Extractor  
  17  1:12  Spawning Pool  
  17  1:15  Drone  
  17  1:20  Drone  
  18  1:30  Drone  
  19  1:41  Drone  
  20  1:51  Drone  
  21  1:59  Queen x2  
  25  2:01  Drone  
  25  2:02  Drone  
  25  2:07  Metabolic Boost  
  27  2:13  Overlord  
  27  2:17  Drone  
  28  2:33  Drone  
  28  2:34  Hatchery  
  28  2:36  Drone  
  29  2:41  Zergling x4  
  31  2:48  Overlord  
  31  2:49  Drone  
  32  2:54  Drone  
  32  2:55  Drone  
  34  3:02  Queen  
  36  3:07  Drone x2  
  36  3:08  Drone  
  36  3:10  Drone  
  40  3:13  Drone  
  40  3:16  Overlord  
  40  3:19  Drone  
  42  3:25  Drone  
  43  3:31  Drone  
  44  3:35  Drone, Spore Crawler x2  
  44  3:38  Queen  
  44  3:40  Drone  
  45  3:47  Drone x4  
  49  3:51  Overlord  
  49  3:53  Drone  
  50  3:57  Drone x2  
  52  4:04  Overlord  
  52  4:06  Extractor  
  52  4:10  Overlord  
  52  4:11  Drone x3  
  52  4:12  Drone, Spore Crawler  
  52  4:14  Drone  
  56  4:18  Drone  
  56  4:23  Drone  
  58  4:26  Drone x3, Roach Warren  
  58  4:28  Lair  
  58  4:29  Drone  
  61  4:32  Overlord  
  61  4:35  Drone  
  61  4:38  Drone  
  63  4:39  Drone  
  63  4:42  Extractor  
  63  4:43  Extractor  
  63  4:44  Drone  
  63  4:47  Evolution Chamber  
  63  4:50  Zergling x4  
  64  4:53  Zergling x4  
  64  4:55  Zergling x2  
  64  4:57  Drone x2  
  64  4:58  Drone  
  64  4:59  Drone  
  71  5:00  Hatchery  
  71  5:02  Zergling x4  
  71  5:03  Zergling x2  
  71  5:04  Zergling x2  
  74  5:08  Extractor x2  
  74  5:09  Drone x2  
  74  5:16  Overlord  
  74  5:17  Drone  
  74  5:19  Zerg Missile Weapons Level 1  
  74  5:20  Overlord  
  75  5:23  Drone x3  
  75  5:25  Overlord  
  78  5:30  Overlord  
  78  5:31  Roach x3  
  78  5:34  Roach  
  78  5:35  Glial Reconstitution  
  82  5:39  Roach  
  82  5:41  Roach x2  
  86  5:45  Roach  
  88  5:50  Roach  
  88  5:51  Roach x2  
  88  5:54  Roach x3  
  88  5:56  Roach  
  102  6:01  Roach x2  
  106  6:04  Overlord  
  106  6:06  Overlord x2  
  105  6:11  Roach  
  105  6:15  Roach x3  
  105  6:17  Overlord  
  111  6:23  Roach  
  111  6:24  Roach x2  
  117  6:27  Roach  
  117  6:28  Roach  
  117  6:30  Roach  
  121  6:40  Roach x2  
  121  6:42  Overlord  
  121  6:46  Ravager  
  121  6:47  Ravager x3  
  125  6:48  Zergling x2  
  125  6:49  Overlord x2  
  128  6:59  Roach x2  
  128  7:00  Roach  
  134  7:04  Roach x3  
  139  7:09  Roach  
  139  7:12  Roach x2  
  139  7:13  Roach x3  
  151  7:16  Zergling x2  
  151  7:17  Zergling x4  
  151  7:20  Zergling x2  
  155  7:24  Roach  
  155  7:25  Roach x2  
  155  7:26  Roach  
  155  7:29  Roach  
  160  7:30  Roach  
  160  7:31  Roach  
  160  7:32  Roach  
  160  7:33  Roach  
  160  7:34  Roach  
  160  7:35  Roach  
  166  7:38  Roach  
  166  7:39  Roach  
  166  7:40  Zergling x4  
  166  7:41  Zergling x2  
  166  7:47  Roach x2  
  163  7:51  Roach  
  163  7:55  Roach  
  163  7:56  Roach  
  156  8:01  Roach x2  
  156  8:02  Roach x2  
  156  8:04  Roach  
  160  8:06  Roach  
  160  8:08  Roach x2  
  160  8:11  Roach  
  160  8:12  Roach  
  162  8:14  Roach  
  162  8:16  Roach  
  162  8:19  Roach  
  160  8:20  Roach x2  
  160  8:21  Roach  
  160  8:26  Roach, Overlord  
  157  8:27  Roach  
  157  8:30  Roach  
  157  8:33  Roach x2  
  155  8:38  Zergling x2  
  149  8:42  Roach  
  162  9:03  Spire  
Tags
 
Add a new tag
Caveats
  • Supply blocks, unpowered buildings, or Contaminate may cause inaccurate times.
  • Supply counts are checked every 10 seconds.